 Dungeon Crawl Stone Soup version 0.22.0-6-g71bd7aa (webtiles) character file.

299 sking99 the Purveyor of Pain (level 6, -1/48 HPs)
             Began as a Barachi Necromancer on Aug 15, 2018.
             Was an Initiate of Kikubaaqudgha.
             Shot with an arrow by a centaur (9 damage)
             ... on level 5 of the Dungeon.
             The game lasted 00:34:49 (5752 turns).

sking99 the Purveyor of Pain (Barachi Necromancer)  Turns: 5752, Time: 00:34:50

Health: -1/48      AC:  7    Str: 10      XL:     6   Next: 36%
Magic:  7/12       EV: 12    Int: 16      God:    Kikubaaqudgha [......]
Gold:   211        SH:  0    Dex: 12 (13) Spells: 5/13 levels left

rFire    . . .     SeeInvis .   s - +0 spear
rCold    + . .     Gourm    +   (no shield)
rNeg     . . .     Faith    .   g - +3 leather armour {rC+}
rPois    .         Spirit   .   (no helmet)
rElec    .         Reflect  .   h - +0 cloak
rCorr    .         Harm     .   (no gloves)
MR       .....                  (no boots)
Stlth    ++........             q - amulet of the gourmand
HPRegen  0.16/turn              k - ring of flight
MPRegen  0.13/turn              (no ring)

@: can't hop, slow
A: +LOS, swims, slowness 1, strong legs 1
a: Hop, Renounce Religion, Evoke Flight


You were on level 5 of the Dungeon.
You worshipped Kikubaaqudgha.
Kikubaaqudgha was noncommittal.
You were not hungry.

You visited 2 branches of the dungeon, and saw 6 of its levels.

You collected 211 gold pieces.

Inventory:

Hand Weapons
 m - a +0 short sword of draining
 s - a +0 spear (weapon)
Armour
 g - a +3 leather armour of cold resistance (worn)
 h - a +0 cloak (worn)
Magical Staves
 f - an uncursed staff of wizardry
Jewellery
 d - a cursed -2 ring of protection {unknown}
 k - a ring of flight (left hand)
 q - an amulet of the gourmand (around neck)
Scrolls
 a - a scroll of enchant armour
 b - 2 scrolls of remove curse
 e - 2 scrolls of teleportation
 j - 5 scrolls of identify
Potions
 l - 4 potions of heal wounds
Comestibles
 c - 8 rations


   Skills:
 + Level 3.8 Fighting
 - Level 2.4 Dodging
 - Level 2.0 Stealth
 - Level 4.0 Spellcasting
 + Level 0.7 Charms
 + Level 4.8 Necromancy


You had 5 spell levels left.
You knew the following spells:

 Your Spells              Type           Power        Failure   Level  Hunger
a - Pain                  Necr           ###.         3%          1    None
b - Animate Skeleton      Necr           N/A          3%          1    None
c - Vampiric Draining     Necr           ###.......   10%         3    ###....
d - Regeneration          Chrm/Necr      ##........   22%         3    ###....

Your spell library contained the following spells:

 Spells                   Type           Power        Failure   Level  Hunger
 Animate Dead             Necr           N/A          30%         4    ####...


Dungeon Overview and Level Annotations

Branches:
Dungeon (5/15)             Temple (1/1) D:4

Altars:
Ashenzari
Cheibriados
Gozag
Hepliaklqana
Kikubaaqudgha
Makhleb
Nemelex Xobeh
Okawaru
Qazlal
Ru
Sif Muna
Trog
Uskayaw
Vehumet
Wu Jian
Xom
Yredelemnul
Zin
The Shining One


Innate Abilities, Weirdness & Mutations

Shadows flee at your approach. (+LOS)
You can swim through water.
You cover ground slowly.
You can hop short distances.


Message History

Confirm with . or Enter, or press ? or * to list all spells.
Aiming: Pain (safe; 3% risk of failure)
Press: ? - help, Shift-Dir - straight line, f/p - centaur
Aim: a centaur, wielding a shortbow (moderately wounded, chance to defeat MR: 78%)
The centaur writhes in agony!
The centaur shoots an arrow.
The arrow hits you!
Casting: Pain (safe; 3% risk of failure)
Confirm with . or Enter, or press ? or * to list all spells.
Aiming: Pain (safe; 3% risk of failure)
Press: ? - help, Shift-Dir - straight line, f/p - centaur
Aim: a centaur, wielding a shortbow (heavily wounded, chance to defeat MR: 78%)
The centaur barely resists.
The centaur shoots an arrow.
The arrow hits you.
* * * LOW HITPOINT WARNING * * *
Hop to where?
Press: ? - help, Dir - move target cursor, p - centaur Boing!
The centaur shoots an arrow.
The arrow hits you.
* * * LOW HITPOINT WARNING * * *
The centaur shoots an arrow.
The arrow hits you but does no damage.
The centaur shoots an arrow.
The arrow hits you!
You die...
Kikubaaqudgha rasps: "You have failed me!
Welcome... death!"

### ##### ...#
#.##############
#.(@...........#####
#.(##########.......
#ยง.# #. #..#####
#..# #..####..#####
#..# #.............
#..# #.#####..#####
..(. #..# c#...
....# #...## ####.#


You could see a centaur.

Vanquished Creatures
  A howler monkey (D:4)
  A hound (D:4)
  Ijyb (D:3)
  3 worker ants
  4 adders
  A shadow imp (D:4)
  An ooze (D:1)
  4 worms
  3 dart slugs
  A leopard gecko (D:2)
  6 orcs
  A ball python (D:3)
  5 bats
  5 giant cockroaches
  7 hobgoblins
  3 jackals (D:2)
  8 kobolds
  A quokka (D:5)
  6 frilled lizards
  4 goblins
  A leopard gecko skeleton (D:4)
  5 rats
72 creatures vanquished.

Vanquished Creatures (collateral kills)
  2 goblins (D:1)
  3 jackals (D:4)
  A frilled lizard (D:1)
6 creatures vanquished.

Vanquished Creatures (others)
  A jackal (D:4)
1 creature vanquished.

Grand Total: 79 creatures vanquished

Notes
Turn   | Place    | Note
-------+----------+-------------------------------------------
     0 | D:1      | sking99 the Barachi Necromancer began the quest for the Orb.
     0 | D:1      | Reached XP level 1. HP: 13/13 MP: 3/3
   459 | D:1      | Learned a level 1 spell: Animate Skeleton
   478 | D:1      | Reached XP level 2. HP: 10/19 MP: 0/5
  1089 | D:1      | Reached skill level 1 in Fighting
  1232 | D:1      | Reached XP level 3. HP: 22/26 MP: 3/6
  1785 | D:2      | Learned a level 3 spell: Vampiric Draining
  1808 | D:2      | Found an opulent altar of Gozag.
  2301 | D:2      | Reached XP level 4. HP: 32/33 MP: 5/8
  3637 | D:3      | Noticed Ijyb
  3716 | D:3      | Killed Ijyb
  3716 | D:3      | Reached XP level 5. HP: 8/39 MP: 1/10
  4996 | D:4      | Reached XP level 6. HP: 47/47 MP: 11/11
  5249 | D:4      | Found a sacrificial altar of Ru.
  5323 | D:4      | Found a staircase to the Ecumenical Temple.
  5333 | Temple   | Entered the Ecumenical Temple
  5515 | Temple   | Became a worshipper of Kikubaaqudgha
  5589 | D:5      | Entered Level 5 of the Dungeon
  5598 | D:5      | Learned a level 3 spell: Regeneration
  5752 | D:5      | Shot with an arrow by a centaur

Skill      XL: |  1  2  3  4  5  6 |
---------------+-------------------+-----
Stealth        | 2 |  2.0
Fighting       | 1 2 3 |  3.8
Necromancy     | 4 |  4.8
Spellcasting   | 3 4 |  4.0
Dodging        | |  2.4
Charms         | |  0.7

Action                   |  1- 3 |  4- 6 || total
-------------------------+-------+-------++-------
Melee: Unarmed           |    13 |       ||    13
       Short sword       |    25 |     6 ||    31
       Spear             |       |   112 ||   112
 Cast: Pain              |    79 |   103 ||   182
       Animate Skeleton  |     9 |     9 ||    18
       Vampiric Draining |       |     5 ||     5
 Abil: Hop               |     4 |     3 ||     7
  Use: Potion            |       |     5 ||     5
       Scroll            |       |    12 ||    12
 Stab: Sleeping          |     1 |     1 ||     2
  Eat: Chunk             |     6 |    20 ||    26
Armor: Robe              |    13 |    10 ||    23
       Leather armour    |       |    23 ||    23
Dodge: Dodged            |    49 |    95 ||   144
